 Dungeon Crawl Stone Soup version 0.26-a0-649-gf8c6c3aab7 (webtiles) character file.

Game seed: 6758164005365072883

6108 Birun the Geomancer (level 10, -12/88 HPs)
             Began as a Gargoyle Earth Elementalist on Sept 26, 2020.
             Was an Elder of Vehumet.
             Mangled by a storm dragon (shapeshifter) (18 damage)
             ... on level 9 of the Dungeon.
             The game lasted 00:24:45 (14221 turns).

Birun the Geomancer (Gargoyle Earth Elementalist)  Turns: 14221, Time: 00:24:46

Health: -12/88     AC: 17    Str: 12      XL:     10   Next: 89%
Magic:  7/19       EV: 13    Int: 22 (23) God:    Vehumet [****..]
Gold:   636        SH:  0    Dex: 10      Spells: 8/22 levels left

rFire    + . .     SeeInvis .   E - +5 morningstar "Eclumpil" {vorpal, Fragile rPois rC++ Int-2}
rCold    + + +     Faith    .   (no shield)
rNeg     + . .     Spirit   .   c - +0 robe
rPois    ∞         Reflect  .   (no helmet)
rElec    +         Harm     .   t - +0 cloak
rCorr    .         Rampage  .   y - +2 pair of gloves
MR       .....                  u - +0 pair of boots
Stlth    ..........             (no amulet)
HPRegen  0.24/turn              f - ring of protection from fire
MPRegen  0.16/turn              F - +6 ring of intelligence

@: mighty, brilliant, berserking, very quick
A: thin metallic scales 1, cold resistance 1, deterioration 1, negative energy
resistance 1, electricity resistance, unbreathing, petrification resistance, rot
immunity, AC +7
a: Renounce Religion


You were on level 9 of the Dungeon.
You worshipped Vehumet.
Vehumet was greatly pleased with you.
You visited 2 branches of the dungeon, and saw 10 of its levels.
You also visited: Ossuary.

You collected 658 gold pieces.
You spent 22 gold pieces at shops.

Inventory:

Hand Weapons
 a - a +0 dagger
 j - a +0 rapier
 q - a +0 flail of flaming
 E - the +5 morningstar "Eclumpil" (weapon) {vorpal, Fragile rPois rC++ Int-2}
   (You took it off an orc on level 9 of the Dungeon)

   It inflicts extra damage upon your enemies.
   It affects your intelligence (-2).
   It greatly protects you from cold.
   It protects you from poison.
   It will be destroyed if unequipped.
Missiles
 b - 401 stones (quivered)
Armour
 c - a +0 robe (worn)
 t - a +0 cloak (worn)
 u - a +0 pair of boots (worn)
 y - a +2 pair of gloves (worn)
Jewellery
 f - a ring of protection from fire (left hand)
 D - an uncursed ring of ice
 F - a +6 ring of intelligence (right hand)
Wands
 m - a wand of polymorph (6)
 n - a wand of paralysis (4)
 x - a wand of disintegration (21)
Scrolls
 g - 3 scrolls of amnesia
 p - 8 scrolls of remove curse
 r - 3 scrolls of blinking
 s - 3 scrolls of brand weapon
 v - 7 scrolls of identify
 w - 3 scrolls of teleportation
 z - a scroll of immolation
 A - a scroll of magic mapping
 C - a scroll of enchant armour
Potions
 d - 3 potions of haste
 e - a potion of ambrosia
 h - 5 potions of curing
 i - 2 potions of invisibility
 k - a potion of might
 l - 5 potions of cancellation
Miscellaneous
 G - a box of beasts (2/3)


   Skills:
 + Level 5.2 Fighting
 + Level 4.7 Maces & Flails
 + Level 5.1 Armour
 + Level 4.3 Dodging
 - Level 2.1 Stealth
 + Level 6.6 Spellcasting
 + Level 6.7 Conjurations
   Level 0.7 Transmutations
 * Level 1.9 Fire Magic
 + Level 8.9 Earth Magic
 + Level 4.1 Evocations


You had 8 spell levels left.
You knew the following spells:

 Your Spells              Type           Power        Failure   Level
a - Sandblast             Erth           ######       1%          1
b - Stone Arrow           Conj/Erth      ######       1%          3
c - Lee's Rapid Deconstr  Erth           ######....   1%          5
d - Fireball              Conj/Fire      #####.....   11%         5

Your spell library contained the following spells:

 Spells                   Type           Power        Failure   Level
 Iskenderun's Mystic Bla  Conj/Tloc      ####....     6%          4
 Foxfire                  Conj/Fire      ####         1%          1
 Magic Dart               Conj           ####         1%          1
 Shock                    Conj/Air       ####         1%          1
 Passwall                 Tmut/Erth      #####...     1%          2
 Conjure Flame            Conj/Fire      #####...     1%          3
 Static Discharge         Conj/Air       ####....     1%          3
 Mephitic Cloud           Conj/Pois/Air  ####....     3%          3
 Inner Flame              Hex/Fire       ###.....     4%          3
 Sticky Flame             Conj/Fire      #####...     4%          4
 Ignite Poison            Fire/Tmut/Pois ###.....     5%          3
 Beastly Appendage        Tmut           ###...       6%          1
 Sting                    Tmut/Pois      ##..         8%          1
 Wereblood                Tmut           ###.....     10%         2
 Petrify                  Tmut/Erth      #####...     12%         4
 Blink                    Tloc           N/A          13%         2
 Call Imp                 Summ           ##......     13%         2
 Poisonous Vapours        Pois/Air       ##....       13%         2
 Slow                     Hex            ##......     13%         2
 Swiftness                Air            ##......     13%         2
 Lightning Bolt           Conj/Air       ####......   16%         5
 Spider Form              Tmut/Pois      ##........   22%         3
 Airstrike                Air            ##........   22%         4
 Olgreb's Toxic Radiance  Pois           ##......     22%         4
 Confusing Touch          Hex            ##......     26%         3
 Gell's Gravitas          Tloc           ##........   26%         3
 Yara's Violent Unravell  Hex/Tmut       ##........   45%         5
 Ice Form                 Ice/Tmut       ##......     58%         4
 Blade Hands              Tmut           ###.......   87%         5
 Metabolic Englaciation   Hex/Ice        ##........   94%         5


Dungeon Overview and Level Annotations

Branches:
Dungeon (9/15)             Temple (1/1) D:5         Ossuary (visited)
   Lair: D:8-11         Orc: D:9-12

Altars:
Ashenzari
Elyvilon
Fedhas
Gozag
Hepliaklqana
Kikubaaqudgha
Makhleb
Okawaru
Ru
Trog
Uskayaw
Vehumet
Wu Jian
Xom
Zin
The Shining One

Shops:
D:7 (   D:8 *


Innate Abilities, Weirdness & Mutations

You are resistant to torment.
Your stone body is resilient. (AC +7)
You are immune to poison.
You resist negative energy. (rN+)
You are resistant to electric shocks. (rElec)
You can survive without breathing.
You are immune to petrification.
You are immune to rotting.
You are partially covered in thin metallic scales. (AC +2)
Your flesh is cold resistant. (rC+)
Your body sometimes deteriorates upon taking damage.


Message History

* * * LOW HITPOINT WARNING * * *
The storm dragon barely misses you. x2
You hit the storm dragon but do no damage.
The storm dragon is lightly wounded.
The storm dragon barely misses you.
The storm dragon claws you but does no damage.
The storm dragon tramples you but does no damage.
You puncture the storm dragon!
The storm dragon is lightly wounded.
You hit the storm dragon.
The storm dragon is lightly wounded.
The storm dragon bites you but does no damage.
The storm dragon misses you. The storm dragon completely misses you.
You sock the storm dragon!
The storm dragon is moderately wounded.
The storm dragon breathes lightning at you.
The bolt of lightning hits you! You resist.
* * * LOW HITPOINT WARNING * * *
The storm dragon bites you!!
You die...

#.#..........# #.#.###.....##
##.#.#.........
####..........#.##
#....D............
#.##...#......#.## ####
#.###.###...#.#.## ..# #D#
#.####..#.#.## #.# ### #@#
#...........##
##.####.####.#####.....#...#.
##.#.##.#........>..##.####.#.
####.###.##.####.########.#
#.#. ....## ##............#
#.# #.#.
####.###.##.#.######.# #.#
##.T. ##.#)###.#.## #.# ##.#
#...# #.####)## #....#
###.###..###...# #......#
###..###....T§..Y....##


You could see a storm dragon shaped shifter (catching breath).

Vanquished Creatures
  A hydra (D:9)
  A two-headed ogre (D:9)
  A troll (D:9)
  A hippogriff (D:7)
  A shadow (D:9)
  A yak (D:9)
  2 water moccasins
  A soldier ant (D:9)
  An orc warrior (D:7)
  4 sky beasts
  2 phantoms (D:9)
  2 ogres
  2 ice beasts
  2 black bears
  3 centaurs
  2 elf zombies (Ossuary)
  3 big kobolds
  6 bullfrogs
  2 scorpions
  A killer bee (D:9)
  4 howler monkeys
  A bullfrog zombie (D:9)
  3 centaur zombies
  7 orc priests
  2 bullfrog skeletons
  A centaur skeleton (D:6)
  2 jellies (D:9)
  5 orc wizards
  3 hounds
  Crazy Yiuf (D:5)
  A gnoll shaman (D:9)
  4 iguanas
  3 worker ants
  A killer bee zombie (D:6)
  2 hound zombies
  A hound skeleton (D:8)
  3 mummies (Ossuary)
  A howler monkey zombie (D:9)
  2 gnolls (D:9)
  8 adders
  2 white imps
  2 ufetubi (D:9)
  2 oozes
  An adder skeleton (D:4)
  5 adder zombies
  A worm (D:6)
  A dart slug (D:1)
  8 leopard geckos
  26 orcs
  A ball python (D:4)
  4 bats
  3 giant cockroaches
  5 goblins
  10 hobgoblins
  12 jackals
  19 kobolds
  2 quokkas
  2 frilled lizards (D:1)
  A gnoll zombie (Ossuary)
  5 goblin zombies (Ossuary)
  3 hobgoblin zombies (Ossuary)
  A jackal skeleton (D:5)
  3 jackal zombies
  4 kobold zombies (Ossuary)
  An orc zombie (Ossuary)
  6 quokka zombies
  6 rats
  5 rat zombies (Ossuary)
235 creatures vanquished.

Vanquished Creatures (others)
  2 plants (D:8)
2 creatures vanquished.

Grand Total: 237 creatures vanquished

Notes
Turn   | Place    | Note
-------+----------+-------------------------------------------
     0 | D:1      | Birun the Gargoyle Earth Elementalist began the quest for
                  | the Orb.
     0 | D:1      | Reached XP level 1. HP: 10/10 MP: 3/3
   316 | D:1      | Reached XP level 2. HP: 15/15 MP: 5/5
   344 | D:1      | Reached skill level 4 in Earth Magic
  1449 | D:2      | Reached XP level 3. HP: 10/19 MP: 7/7
  1454 | D:2      | Learned a level 3 spell: Stone Arrow
  1738 | D:2      | Found a burning altar of Makhleb.
  1738 | D:2      | Found a radiant altar of Vehumet.
  2014 | D:2      | Became a worshipper of Vehumet
  3205 | D:3      | Reached skill level 1 in Conjurations
  3205 | D:3      | Reached XP level 4. HP: 9/24 MP: 5/8
  3563 | D:3      | Found a hazy altar of Hepliaklqana.
  3904 | D:4      | Found a white marble altar of Elyvilon.
  3946 | D:4      | Found a blossoming altar of Fedhas.
  3982 | D:4      | Reached skill level 5 in Earth Magic
  4296 | D:4      | Reached * piety under Vehumet
  4296 | D:4      | Offered knowledge of Magic Dart by Vehumet.
  4406 | D:4      | Found an iron altar of Okawaru.
  4473 | D:4      | Noticed a black bear
  4477 | D:4      | Killed a black bear
  4477 | D:4      | Reached XP level 5. HP: 14/28 MP: 4/10
  4944 | D:4      | Reached XP level 6. HP: 28/32 MP: 2/11
  5072 | D:4      | Found a glowing silver altar of Zin.
  5377 | D:5      | Entered Level 5 of the Dungeon
  5378 | D:5      | Noticed an ice beast
  5486 | D:5      | Found a shimmering altar of Xom.
  5493 | D:5      | Found a shimmering altar of Xom.
  5493 | D:5      | Found a shimmering altar of Xom.
  5493 | D:5      | Found a shimmering altar of Xom.
  5498 | D:5      | Found a staircase to the Ecumenical Temple.
  5500 | D:5      | Found a shimmering altar of Xom.
  5500 | D:5      | Found a shimmering altar of Xom.
  5510 | Temple   | Entered the Ecumenical Temple
  5729 | D:5      | Noticed a sky beast
  5743 | D:5      | Killed a sky beast
  5743 | D:5      | Reached skill level 6 in Earth Magic
  5761 | D:5      | Learned a level 5 spell: Lee's Rapid Deconstruction
  5763 | D:5      | Killed an ice beast
  5763 | D:5      | Reached XP level 7. HP: 27/36 MP: 4/13
  6100 | D:5      | Found a glowing golden altar of the Shining One.
  6143 | D:5      | Found an ancient bone altar of Kikubaaqudgha.
  6410 | D:5      | Found a runed translucent door.
  6411 | D:5      | Noticed Crazy Yiuf
  6417 | D:5      | Killed Crazy Yiuf
  6497 | D:5      | Found a shimmering altar of Xom.
  6498 | D:5      | Found a shimmering altar of Xom.
  6498 | D:5      | Found a shimmering altar of Xom.
  6500 | D:5      | Found a shimmering altar of Xom.
  6586 | D:6      | Reached skill level 1 in Armour
  6806 | D:6      | Reached skill level 1 in Fighting
  6806 | D:6      | Reached skill level 1 in Maces & Flails
  6806 | D:6      | Reached skill level 1 in Evocations
  6980 | D:6      | Reached XP level 8. HP: 22/43 MP: 15/15
  7312 | D:6      | Found a hide-covered altar of Uskayaw.
  7472 | D:6      | Reached skill level 7 in Earth Magic
  7533 | D:6      | Found a bloodstained altar of Trog.
  7882 | D:6      | Found a broken altar of Ashenzari.
  8419 | D:6      | Reached skill level 5 in Spellcasting
  8727 | D:7      | Reached ** piety under Vehumet
  8819 | D:7      | Offered knowledge of Freeze by Vehumet.
  8943 | D:7      | Reached skill level 5 in Conjurations
  9125 | D:7      | Found Kamnoil's Weapon Shop.
  9251 | D:7      | Gained mutation: Your body sometimes deteriorates upon
                  | taking damage. [potion of mutation]
  9251 | D:7      | Gained mutation: You are partially covered in thin metallic
                  | scales. (AC +2) [potion of mutation]
  9251 | D:7      | Gained mutation: Your flesh is cold resistant. (rC+)
                  | [potion of mutation]
  9262 | D:7      | Noticed a hippogriff
  9288 | D:7      | Killed a hippogriff
  9288 | D:7      | Reached XP level 9. HP: 23/49 MP: 15/17
  9760 | D:7      | Found a sacrificial altar of Ru.
 10521 | D:7      | Found an ornate altar of the Wu Jian Council.
 10816 | D:8      | Found a sand-covered staircase.
 10834 | Ossuary  | Entered an ossuary
 10897 | Ossuary  | Offered knowledge of Dazzling Flash by Vehumet.
 11043 | Ossuary  | Reached *** piety under Vehumet
 11460 | D:8      | Found a shimmering altar of Xom.
 11549 | D:8      | Found Yczin's Assorted Antiques.
 11570 | D:8      | Bought a scroll labeled REUCY ACROF for 22 gold pieces
 11845 | D:8      | Offered knowledge of Frozen Ramparts by Vehumet.
 12014 | D:8      | Reached skill level 8 in Earth Magic
 12656 | D:9      | Noticed a two-headed ogre
 12663 | D:9      | Noticed a troll
 12665 | D:9      | Killed a two-headed ogre
 12665 | D:9      | Reached XP level 10. HP: 14/58 MP: 3/19
 13557 | D:9      | Reached **** piety under Vehumet
 13702 | D:9      | Identified the +5 morningstar "Eclumpil" {vorpal, Fragile
                  | rPois rC++ Int-2}
 13702 | D:9      | Identified the +6 scale mail of Happy Babbling {rElec rPois
                  | rN+}
 13753 | D:9      | Offered knowledge of Iskenderun's Mystic Blast by Vehumet.
 13817 | D:9      | Learned a level 5 spell: Fireball
 13856 | D:9      | Found an opulent altar of Gozag.
 14113 | D:9      | Reached skill level 5 in Fighting
 14169 | D:9      | Noticed a queen ant
 14169 | D:9      | Noticed a storm dragon
 14169 | D:9      | a queen ant changed into a storm dragon
 14188 | D:9      | Reached skill level 1 in Fire Magic
 14189 | D:9      | Noticed a seven-headed hydra
 14193 | D:9      | Killed a seven-headed hydra
 14193 | D:9      | Reached skill level 5 in Armour
 14221 | D:9      | Mangled by a storm dragon (shapeshifter)

Illustrated notes

Levels and vault maps discovered:
D:1:      eino_arrival_tree_alley, layout_basic
D:2:      layout_basic, amethyst_overflow_temple_binary
D:3:      layout_basic, overflow_temple_1_default
D:4:      layout_loops_ring, nicolae_overflow_hidden_temple,
          lemuel_doored_altar, lemuel_coloured_pillars_altar, marbit_many_paths,
          hangedman_abyss_or_decor_passed
D:5:      layout_cave_pools, kiku_gazebo_pond_becter, old_standard_altar,
          minmay_temple_entry_proselytizer, st_stairs_9, xom_redecorated,
          uniq_crazy_yiuf_cottage
D:6:      layout_loops_corners, lemuel_crystal_altar,
          eat_drink_and_be_merry_uskayaw, trog_hazing_becter
D:7:      layout_layer_cave, old_standard_altar, kennysheep_mini, serial_shops,
          shop_statue
D:8:      corexii_shack_village, layout_basic, old_standard_altar, serial_shops,
          shop, enter_ossuary_3, nicolae_zen_rock_garden
D:9:      minmay_the_grid_four_pointed_star_mashed
          [minmay_the_grid_triangle_9x9_from_above,
          minmay_the_grid_triangle_9x9_dagger,
          minmay_the_grid_triangle_9x9_windchime,
          minmay_the_grid_triangle_9x9_zippers_vertical,
          minmay_the_grid_prize_four_corners_diamond_a], layout_loops_ring,
          nicolae_gozag_cash_rules_everything_around_me, serial_shops, shop,
          minmay_checkerbox
Temple:   corrupted_temple

Skill      XL: |  1  2  3  4  5  6  7  8  9 10 |
---------------+-------------------------------+-----
Earth Magic    | 4 5 6 7 8 |  8.9
Spellcasting   | 3 4 5 6 |  6.6
Conjurations   | 1 2 3 4 5 6 |  6.7
Armour         | 1 3 4 5 |  5.1
Fighting       | 1 2 4 5 |  5.2
Maces & Flails | 1 2 3 4 |  4.7
Evocations     | 1 2 3 4 |  4.1
Dodging        | 2 3 4 |  4.3
Fire Magic     | 1 |  1.9
Stealth        | |  2.1
Transmutations | |  0.7

Action                   |  1- 3 |  4- 6 |  7- 9 | 10-12 || total
-------------------------+-------+-------+-------+-------++-------
Melee: Dagger            |    59 |       |       |       ||    59
       Unarmed           |     1 |       |       |       ||     1
       Rapier            |    81 |    91 |   697 |   199 ||  1068
       Morningstar       |       |       |       |    14 ||    14
 Cast: Sandblast         |     6 |    29 |    58 |    15 ||   108
       Lee's Rapid Decon |       |     1 |    11 |    20 ||    32
       Stone Arrow       |       |       |    27 |     6 ||    33
Evoke: Wand              |       |       |     7 |       ||     7
       Box of beasts     |       |       |       |     1 ||     1
  Use: Scroll            |     9 |     6 |     7 |     1 ||    23
       Potion            |       |     2 |     3 |     3 ||     8
 Stab: Sleeping          |     2 |       |     7 |       ||     9
       Invisible         |       |     2 |       |       ||     2
       Paralysed         |       |       |     4 |       ||     4
Armor: Robe              |    68 |    49 |   452 |   135 ||   704
Dodge: Dodged            |   111 |    83 |   578 |   164 ||   936

Table legend: (Time is in decaauts)
 A = Elapsed time spent in this place.
 B = Non-inter-level travel time spent in this place.
 C = Inter-level travel time spent in this place.
 D = Time resting spent in this place.
 E = Time spent auto-exploring this place.
 F = Levels seen in this place.
 G = Mean time per level.
                   A        B        C        D        E       F      G
               +--------+--------+--------+--------+--------+-----+--------+
         Total |  14438 |  13690 |    748 |   2697 |   8336 |  11 | 1312.5 |
       Dungeon |  13696 |  12948 |    748 |   2489 |   8184 |   9 | 1521.8 |
        Temple |    207 |    207 |      0 |    206 |      0 |   1 |  207.0 |
       Ossuary |    533 |    533 |      0 |      2 |    152 |   1 |  533.0 |
               +--------+--------+--------+--------+--------+-----+--------+

Top non-repeatable levels by time:
     D:7: 2203 daAuts
     D:6: 2121 daAuts
     D:9: 1729 daAuts
     D:4: 1688 daAuts
     D:1: 1338 daAuts
     D:2: 1326 daAuts
     D:8: 1264 daAuts
     D:3: 1101 daAuts
     D:5: 921 daAuts
 Ossuary: 533 daAuts
  Temple: 207 daAuts
